AoeStats
← Tetragamenon11

Black Forest

507372901Analyzed
4v4 RM · 16d ago on Sep 17, 2026· 34m 16s· 8 players
Game mode
Random Map
Map size
Large (8 player)
Population
200
Speed
Normal
Resources
Standard
Victory
Conquest
Starting age
Dark Age
Ending age
Imperial Age
RankedLock teamsTeams togetherTeam positionsShared explorationLock speedFull tech treeHidden civsTurbo modeCheats
Victory
Defeat
🇲🇽 Italians · Mexico
1520
+9
🇲🇽 Bulgarians · Mexico
1420
+13
🇲🇽 Hindustanis · Mexico
1367
+15
🇵🇪 Spanish · Peru
1000
+118
🇺🇸 Burmese · United States
1370
-18
🇦🇷 Khmer · Argentina
1364
-17
🇦🇹 Mongols · Austria
1326
-16
🇨🇱 Saracens · Chile
1282
-14
Peperra Jr
10:11 Feudal Age
11:06 Horse Collar
11:14 Double-Bit Axe
11:21 Horse Collar
14:09 Castle Age
14:22 Wheelbarrow
15:39 Bow Saw
15:38 Heavy Plow
26:45 Imperial Age
25:09 Scale Barding Armor
25:55 Forging
26:05 Chain Barding Armor
25:59 Squires
26:24 Light Cavalry
27:26 Bloodlines
27:17 Husbandry
27:53 Iron Casting
30:01 Loom
31:41 Town Watch
32:57 Scale Mail Armor
33:51 Chain Mail Armor
34:37 Blast Furnace
35:21 Plate Mail Armor
35:27 Plate Barding Armor
DarkSIde1405
0:26 Loom
13:11 Feudal Age
22:17 Bloodlines
22:36 Scale Barding Armor
23:35 Forging
Osin Babosin
9:08 Loom
11:32 Feudal Age
15:54 Castle Age
14:29 Double-Bit Axe
15:33 Horse Collar
15:43 Gold Mining
17:15 Bow Saw
22:25 Scale Barding Armor
25:31 Gold Shaft Mining
26:19 Chain Barding Armor
26:45 Bloodlines
26:51 Husbandry
27:57 Forging
28:39 Wheelbarrow
29:10 Iron Casting
35:19 Imperial Age
Tetragamenon11
1:46 Loom
14:06 Feudal Age
14:35 Double-Bit Axe
15:05 Horse Collar
20:13 Castle Age
19:19 Stone Mining
21:09 Bow Saw
21:42 Wheelbarrow
23:08 Gold Mining
24:04 Padded Archer Armor
29:28 Leather Archer Armor
34:29 Imperial Age
32:23 Heavy Plow
chiwire
5:33 Loom
10:56 Feudal Age
14:32 Castle Age
12:42 Gold Mining
16:39 Sanctity
17:07 Gold Shaft Mining
22:55 Redemption
28:43 Horse Collar
33:04 Wheelbarrow
Diegote
2:26 Loom
13:21 Feudal Age
23:05 Castle Age
23:18 Fletching
24:14 Crossbowman
CTM | Franco*
0:29 Loom
15:56 Feudal Age
19:54 Castle Age
18:05 Double-Bit Axe
19:01 Horse Collar
19:14 Gold Mining
20:17 Stone Mining
21:00 Bow Saw
21:29 Heavy Plow
26:47 Wheelbarrow
29:23 Gold Shaft Mining
29:26 Stone Shaft Mining
31:07 Hand Cart
30:37 Town Watch
『21』〆HEMOO
1:22 Loom
11:29 Feudal Age
15:35 Castle Age
15:33 Double-Bit Axe
15:31 Horse Collar
19:31 Bow Saw
23:20 Heavy Plow
25:15 Wheelbarrow
24:43 Stone Mining
26:06 Masonry
26:07 Fortified Wall
26:56 Hand Cart
26:26 Town Watch
30:06 Imperial Age
30:50 Town Patrol
30:51 Padded Archer Armor
30:41 Fletching
30:52 Padded Archer Armor
30:52 Scale Mail Armor
Connection lost

Rejoining the realm…

Still unreachable

The connection could not be restored.

Session expired

The server has moved on; the page needs a fresh start.